 Dungeon Crawl Stone Soup version 0.28.0-53-g5a82cb258f (webtiles) character file.

Game seed: 17667141802560041579

1460 Zeld the Destroyer (level 8, -1/57 HPs)
             Began as a Black Draconian Conjurer on June 8, 2022.
             Killed by miscasting Iskenderun's Mystic Blast (10 damage)
             ... on level 6 of the Dungeon on June 9, 2022.
             The game lasted 00:06:19 (9491 turns).

Zeld the Destroyer (Black Draconian Conjurer)       Turns: 9491, Time: 00:06:20

Health: -1/57      AC:  8    Str: 10    XL:     8   Next: 48%
Magic:  14/18      EV: 12    Int: 20    God:
Gold:   215        SH:  0    Dex: 10    Spells: 9/20 levels left

rFire   . . .      SeeInvis .   r - +2 dagger (venom)
rCold   . . .      Faith    .   (no shield)
rNeg    . . .      Spirit   .   (armour unavailable)
rPois   .          Reflect  .   (helmet restricted)
rElec   +          Harm     .   k - +1 cloak
rCorr   +          Rampage  .   (no gloves)
Will    .....                   (no boots)
Stlth   ++........              (no amulet)
HPRegen 0.19/turn               f - ring of resist corrosion
MPRegen 0.16/turn               (no ring)

@: very slightly contaminated
A: breathe lightning, AC +6, unfitting armour, electricity resistance,
cold-blooded
a: Breathe Lightning


You were on level 6 of the Dungeon.
You visited 2 branches of the dungeon, and saw 7 of its levels.

You collected 215 gold pieces.

Inventory:

Hand Weapons
 r - a +2 dagger of venom (weapon)
Armour
 k - a +1 cloak (worn)
 t - a +2 kite shield
Jewellery
 f - a ring of resist corrosion (left hand)
Wands
 i - a wand of flame (27)
Scrolls
 a - a scroll of immolation {unknown}
 d - 2 scrolls of vulnerability {unknown}
 e - a scroll of brand weapon {unknown}
 g - 2 scrolls of teleportation {unknown}
 h - 2 scrolls of fear {unknown}
 m - 3 scrolls of identify {unknown}
 n - 2 scrolls of amnesia {unknown}
 p - a scroll of noise {unknown}
 s - 2 scrolls of enchant armour {unknown}
Potions
 b - 3 potions of lignification {unknown}
 c - a potion of degeneration {unknown}
 j - a potion of attraction {unknown}
 l - a potion of cancellation {unknown}
 o - a potion of curing {unknown}
 q - a potion of heal wounds {unknown}


   Skills:
 - Level 1.7 Dodging
 - Level 1.7 Stealth
 + Level 6.7 Spellcasting
 + Level 8.1 Conjurations
 - Level 2.0 Hexes
 - Level 2.0 Translocations


You had 9 spell levels left.
You knew the following spells:

 Your Spells              Type           Power      Damage    Failure   Level
a - Magic Dart            Conj           100%       1d8       1%          1
b - Searing Ray           Conj           78%        2d7       1%          2
c - Fulminant Prism       Conj/Hex       13%        3d9       12%         4
d - Iskenderun's Mystic   Conj/Tloc      27%        2d7       12%         4

Your spell library contained the following spells:

 Spells                   Type           Power      Damage    Failure   Level
 Dazzling Flash           Conj/Hex       54%        N/A       3%          3
 Frozen Ramparts          Ice            12%        1d3       28%         3
 Ice Form                 Ice/Tmut       6%         N/A       67%         4
 Summon Ice Beast         Ice/Summ       6%         N/A       67%         4


Dungeon Overview and Level Annotations

Branches:
Dungeon (6/15)             Temple (1/1) D:5

Altars:
Ashenzari
Cheibriados
Dithmenos
Elyvilon
Hepliaklqana
Kikubaaqudgha
Makhleb
Nemelex Xobeh
Okawaru
Qazlal
Ru
Sif Muna
Trog
Vehumet
Xom
Zin
The Shining One

Annotations:
D:5 2 transporters, Rudyous's ghost, novice MiBe


Innate Abilities, Weirdness & Mutations

You can breathe wild blasts of lightning.
Your glossy black scales are hard. (AC +6)
You cannot fit into any form of body armour.
You are resistant to electric shocks. (rElec)
You are cold-blooded and may be slowed by cold attacks.


Message History

The hound zombie closely misses you.
You hit the hound zombie.
You destroy the hound zombie!
No target in view!
The adder hisses angrily.
You hear a bark!
No reachable target in view!
No target in view!
There is a staircase to the Ecumenical Temple here.
You climb downwards.
Welcome back to the Ecumenical Temple!
There is a staircase back to the Dungeon here.
You climb upwards.
Welcome back to the Dungeon!
Level annotation: 2 transporters, Rudyous's ghost, novice MiBe
There is a staircase to the Ecumenical Temple here.
There is a stone staircase leading down here.
You climb downwards.
Found 13 gold pieces and a book of Power.
There is a stone staircase leading up here.
There are monsters nearby!
There are monsters nearby!
An orc priest comes into view. It is wielding a +0 hand axe.
You see here 13 gold pieces.
You hit the ogre.
The ogre is poisoned.
The ogre is lightly wounded.
The hound barks!
The orc priest shouts!
You hear a shout!
The ogre hits you with a +0 giant spiked club!!
You hit the ogre.
The ogre looks as sick as possible!
The ogre is lightly wounded.
You hit the ogre.
The ogre looks as sick as possible!
The ogre is moderately wounded.
An orc wizard comes into view. It is wielding a +0 dagger.
The orc priest calls down the wrath of Beogh upon you.
Beogh smites you!
The ogre hits you with a +0 giant spiked club!!
* * * LOW HITPOINT WARNING * * *
Casting: Iskenderun's Mystic Blast (dangerous; 12% risk of failure)
Confirm with . or Enter, or press ? or * to list all spells.
You miscast Iskenderun's Mystic Blast.
You are very lightly contaminated with residual magic.
The air around you crackles with energy!
You die...

....o..##.#
.......o..#
...:......# #
.........##.
#.........
#....h..#
#.......#
##...O@..#.#..#
........<.......
.####..####.#..#
#.. # #.. #.# #.
..


You could see an ogre (extremely poisoned), a hound, an orc priest and an orc
wizard (wandering).

Vanquished Creatures
  Sigmund (D:3)
  Eustachio (D:4)
  3 ogres
  A necrophage (D:4)
  2 centaurs (D:5)
  2 scorpions (D:5)
  3 killer bees (D:4)
  A jelly (D:4)
  2 hounds
  2 bullfrog skeletons (D:5)
  An iguana (D:4)
  Ijyb (D:4)
  Natasha (thrice) (D:2)
  An orc wizard (D:4)
  A hound zombie (D:5)
  3 gnolls (D:3)
  2 adders
  An ufetubus (D:4)
  An adder skeleton (D:4)
  4 worms (D:2)
  4 dart slugs
  9 orcs
  5 endoplasms
  7 giant cockroaches
  5 goblins
  5 hobgoblins
  7 jackals
  4 kobolds
  4 quokkas
  7 ball pythons
  5 bats
  3 frilled lizards
  4 rats
105 creatures vanquished.

Vanquished Creatures (others)
  A fulminant prism (D:4)
1 creature vanquished.

Grand Total: 106 creatures vanquished

Notes
Turn   | Place    | Note
-------+----------+-------------------------------------------
     0 | D:1      | Zeld the Draconian Conjurer began the quest for the Orb.
     0 | D:1      | Reached XP level 1. HP: 14/14 MP: 3/3
   407 | D:1      | Reached XP level 2. HP: 20/20 MP: 1/5
   410 | D:1      | Learned a level 2 spell: Searing Ray
   529 | D:1      | Found a faded altar of an unknown god.
   756 | D:1      | Reached skill level 1 in Translocations
   793 | D:1      | Reached skill level 1 in Hexes
  1620 | D:2      | Noticed Natasha
  1728 | D:2      | Killed Natasha
  1729 | D:2      | Reached XP level 3. HP: 25/26 MP: 2/6
  1961 | D:2      | Identified the +4 scale mail of Loss {rPois Will- Str+7}
  2114 | D:2      | Noticed Natasha
  2334 | D:2      | Killed Natasha
  2335 | D:2      | Reached XP level 4. HP: 33/33 MP: 1/7
  2708 | D:2      | Noticed Natasha
  3234 | D:2      | Killed Natasha
  3981 | D:3      | Noticed Sigmund
  4399 | D:3      | Killed Sigmund
  4400 | D:3      | Reached skill level 5 in Conjurations
  4400 | D:3      | Reached XP level 5. HP: 30/38 MP: 1/10
  4400 | D:3      | Reached XP level 6. HP: 35/45 MP: 1/11
  4407 | D:3      | Learned a level 4 spell: Fulminant Prism
  4412 | D:3      | Learned a level 4 spell: Iskenderun's Mystic Blast
  4530 | D:3      | Found a shimmering altar of Xom.
  5466 | D:4      | Reached skill level 6 in Conjurations
  5468 | D:4      | Your scales start taking on a glossy black colour.
  5468 | D:4      | Reached XP level 7. HP: 50/50 MP: 3/14
  5468 | D:4      | Gained mutation: You are resistant to electric shocks.
                  | (rElec) [Black Draconian growth]
  5469 | D:4      | Noticed Eustachio
  5885 | D:4      | Killed Eustachio
  5886 | D:4      | Reached skill level 5 in Spellcasting
  6079 | D:4      | Found a sacrificial altar of Ru.
  6240 | D:4      | Found a white marble altar of Elyvilon.
  6570 | D:4      | Reached skill level 7 in Conjurations
  6906 | D:4      | Noticed Ijyb
  6912 | D:4      | Killed Ijyb
  7331 | D:4      | Reached XP level 8. HP: 26/57 MP: 11/16
  7707 | D:4      | Found a white marble altar of Elyvilon.
  8349 | D:4      | Found a sacrificial altar of Ru.
  8563 | D:5      | Entered Level 5 of the Dungeon
  8573 | D:5      | Found a transporter.
  8576 | D:5      | Noticed Rudyous's ghost (novice MiBe)
  8581 | D:5      | Found a transporter.
  8823 | D:5      | Found a staircase to the Ecumenical Temple.
  8832 | Temple   | Entered the Ecumenical Temple
  8932 | D:5      | Reached skill level 8 in Conjurations
  9102 | D:5      | Found a radiant altar of Vehumet.
  9491 | D:6      | Killed by miscasting Iskenderun's Mystic Blast

Illustrated notes

Levels and vault maps discovered:
D:1:      mrwooster_arrival_arrow, layout_basic, shapermc_ecumenical_altar_gd,
          minmay_misc_feat_cross, minmay_vboxes
D:2:      layout_basic, st_stairs_14, uniq_natasha
D:3:      layout_rooms, lemuel_crystal_altar, uniq_sigmund
D:4:      layout_loops_corners, nicolae_ru_great_annihilating_truth,
          mainiacjoe_overflow_surrounded_room, corexii_leaking_fountain,
          st_stairs_11, uniq_ijyb, uniq_eustachio
D:5:      minmay_clustersquares, layout_loops_ring, mainiacjoe_overflow_paths,
          minmay_temple_entry_overgrown, gammafunk_ghost_mausoleum,
          kennysheep_path_1, nicolae_figureground_pulse
D:6:      layout_loops_ring, nzn_wu_jian_contemplation
Temple:   cyrus_circular_temple

Skill      XL: |  1  2  3  4  5  6  7  8 |
---------------+-------------------------+-----
Translocations | 1 2 |  2.0
Hexes          | 1 2 |  2.0
Spellcasting   | 3 4 5 6 |  6.7
Conjurations   | 5 6 7 8 |  8.1
Dodging        | |  1.7
Stealth        | |  1.7

Action                   |  1- 3 |  4- 6 |  7- 9 || total
-------------------------+-------+-------+-------++-------
Melee: Unarmed           |    68 |     1 |    22 ||    91
       Tailslap          |    12 |       |    19 ||    31
       Punch             |     1 |       |     1 ||     2
       Dagger            |       |       |    97 ||    97
 Cast: Magic Dart        |    42 |     8 |       ||    50
       Searing Ray       |     7 |    31 |    21 ||    59
       Iskenderun's Myst |       |       |     6 ||     6
       Fulminant Prism   |       |       |     1 ||     1
 Abil: Breathe Lightning |       |       |     1 ||     1
 Stab: Paralysed         |       |       |     1 ||     1
Armor: Skin              |    45 |     8 |    63 ||   116
Dodge: Dodged            |    71 |    15 |   101 ||   187
